 Dungeon Crawl Stone Soup version 0.28.0-53-g5a82cb258f (webtiles) character file.

Game seed: 7010785753295884009

1047 pkoi the Gusty (level 7, -1/51 HPs)
             Began as a Demigod Air Elementalist on May 24, 2022.
             Slain by an orc warrior
             ... wielding a +0 mace
              (9 damage)
             ... on level 5 of the Dungeon.
             The game lasted 00:09:39 (10660 turns).

pkoi the Gusty (Demigod Air Elementalist)          Turns: 10660, Time: 00:09:39

Health: -1/51      AC:  5    Str:  9    XL:     7   Next: 75%
Magic:  11/14      EV: 11    Int: 25    God:
Gold:   204        SH:  0    Dex: 14    Spells: 2/12 levels left

rFire   + + .      SeeInvis .   f - +5 spear of the Volcano {freeze, rF++}
rCold   . . .      Faith    .   (no shield)
rNeg    + . .      Spirit   .   p - +1 leather armour "Cekheigh" {rElec Stlth+}
rPois   +          Reflect  .   (no helmet)
rElec   +          Harm     .   (no cloak)
rCorr   .          Rampage  .   q - +0 pair of gloves
Will    .....                   (no boots)
Stlth   +++.......              (no amulet)
HPRegen 0.17/turn               n - ring of the Devil {rElec rPois rN+}
MPRegen 0.14/turn               (no ring)

@: swift, quick
A: high MP 1, forlorn, divine attributes
a: no special abilities


You were on level 5 of the Dungeon.
You visited 1 branch of the dungeon, and saw 6 of its levels.

You collected 204 gold pieces.

Inventory:

Hand Weapons
 b - a +0 dagger
 c - a +0 dagger
 f - the +5 spear of the Volcano (weapon) {freeze, rF++}
   (You found it on level 3 of the Dungeon)

   It freezes those it strikes, dealing additional cold damage.
   It can also slow down cold-blooded creatures.
   rF:        It greatly protects you from fire.
Armour
 a - a +0 robe
 p - the +1 leather armour "Cekheigh" (worn) {rElec Stlth+}
   (You found it on level 4 of the Dungeon)

   rElec:     It insulates you from electricity.
   Stlth:     It makes you more stealthy.
 q - a +0 pair of gloves (worn)
Jewellery
 j - a ring of ice
 n - the ring of the Devil (left hand) {rElec rPois rN+}
   (You found it on level 3 of the Dungeon)

   [ring of positive energy]

   rElec:     It insulates you from electricity.
   rPois:     It protects you from poison.
   rN:        It protects you from negative energy.
 r - a ring of fire
 s - a +4 ring of evasion
Scrolls
 h - a scroll of holy word
 l - a scroll of silence
 m - 2 scrolls of teleportation
 t - a scroll of magic mapping
 u - a scroll of identify
 w - a scroll of blinking
Potions
 d - a potion of heal wounds {unknown}
 e - a potion of flight
 g - 2 potions of lignification {unknown}
 i - 2 potions of curing
 k - 3 potions of attraction {unknown}
 o - a potion of berserk rage {unknown}
 v - a potion of brilliance {unknown}


   Skills:
 + Level 0.4 Fighting
 + Level 3.3 Armour
 + Level 1.9 Dodging
 - Level 1.7 Stealth
 + Level 3.1 Spellcasting
 + Level 1.1 Conjurations
 * Level 7.6 Air Magic


You had 2 spell levels left.
You knew the following spells:

 Your Spells              Type           Power      Damage    Failure   Level
a - Shock                 Conj/Air       100%       1d9       2%          1
b - Static Discharge      Conj/Air       25%        N/A       3%          2
c - Swiftness             Air            42%        N/A       1%          3
d - Airstrike             Air            21%        N/A       6%          4

Your spell library contained the following spells:

 Spells                   Type           Power      Damage    Failure   Level
 Beastly Appendage        Tmut           6%         N/A       14%         1
 Ensorcelled Hibernation  Hex/Ice        6%         N/A       21%         2
 Wereblood                Tmut           3%         N/A       21%         2
 Inner Flame              Hex/Fire       3%         N/A       38%         3
 Spider Form              Tmut/Pois      3%         N/A       38%         3
 Hailstorm                Conj/Ice       6%         3d4       71%         4
 Cause Fear               Hex            1%         N/A       80%         4
 Metabolic Englaciation   Hex/Ice        1%         N/A       98%         5
 Dispersal                Tloc           1%         N/A       100%        6
 Discord                  Hex            1%         N/A       100%        8
 Disjunction              Tloc           1%         N/A       100%        8


Dungeon Overview and Level Annotations

Branches:
Dungeon (6/15)
 Temple: D:4-7

Shops:
D:5 =


Innate Abilities, Weirdness & Mutations

You have an increased reservoir of magic. (+10% MP)
You shall have no god before yourself.
Your divine heritage dramatically boosts your attributes as you level up.


Message History

* * * LOW HITPOINT WARNING * * *
The centaur closely misses you.
The centaur hits you but does no damage.
The centaur kicks you but does no damage.
An orc comes into view.
It is wielding a +2 hand axe of flaming.
The centaur hits you but does no damage.
The centaur kicks you but does no damage.
The centaur wields a +0 shortbow.
The centaur shoots an arrow.
The arrow hits you!
* * * LOW HITPOINT WARNING * * *
The centaur shoots an arrow.
The arrow closely misses you.
A shadow comes into view.
The orc closely misses you.
The centaur shoots an arrow.
The arrow misses you.
The centaur shoots an arrow.
The arrow hits you!
* * * LOW HITPOINT WARNING * * *
The shadow slips into darkness.
The shadow flickers and vanishes!
Deactivating autopickup; reactivate with Ctrl-A.
The centaur shoots an arrow.
The arrow misses you.
The centaur shoots an arrow.
The arrow hits you!
* * * LOW HITPOINT WARNING * * *
The centaur shoots an arrow.
The arrow hits you.
* * * LOW HITPOINT WARNING * * *
The centaur shoots an arrow.
The arrow hits you.
* * * LOW HITPOINT WARNING * * *
The centaur shoots an arrow.
The arrow closely misses you.
There is a stone staircase leading up here.
The orc warrior hits you with a +0 mace.
* * * LOW HITPOINT WARNING * * *
You climb upwards.
Reactivating autopickup.
There is a stone staircase leading down here.
Okay, then.
Unknown command.
Casting: Static Discharge (safe; 3% risk of failure)
Confirm with . or Enter, or press ? or * to list all spells.
You feel quick.
The orc warrior hits you with a +0 mace!
You die...

#........#.............##......#
#......#.........#####.........#
#......#[......................##
#........#.......##>.####........
............####.##......#.####..
.....#####.....#.##.####.....##..
...### #..........#######..####
...# #.......o...##..........
...#######.#...#@###..#.....>....
...........#...#.# ##............
....############.# ##...........
...## ###.######.......... .###
####...<...............
..#########.....######...........
#.##........###.# #...........
#....##########.######...........
###### ##...........#.##########


You could see an orc warrior.

Vanquished Creatures
  A water moccasin (D:6)
  A black bear (D:6)
  An ogre (D:5)
  A centaur (D:4)
  2 scorpions
  A wyvern skeleton (D:6)
  A bullfrog zombie (D:6)
  A hound (D:4)
  A bullfrog skeleton (D:6)
  A centaur zombie (D:6)
  2 orc priests
  3 iguanas
  A hound skeleton (D:4)
  3 gnolls (D:4)
  6 adders
  A howler monkey skeleton (D:4)
  A shadow imp (D:5)
  2 white imps (D:5)
  A worm (D:2)
  2 dart slugs
  16 orcs
  11 endoplasms
  3 giant cockroaches
  7 hobgoblins
  6 jackals
  3 quokkas
  7 ball pythons
  8 bats
  2 frilled lizards
  11 goblins
  5 kobolds
  11 rats
123 creatures vanquished.

Vanquished Creatures (others)
  A fungus (D:2)
1 creature vanquished.

Grand Total: 124 creatures vanquished

Notes
Turn   | Place    | Note
-------+----------+-------------------------------------------
     0 | D:1      | pkoi the Demigod Air Elementalist began the quest for the
                  | Orb.
     0 | D:1      | Reached XP level 1. HP: 14/14 MP: 5/5
   215 | D:1      | Reached skill level 3 in Air Magic
   510 | D:1      | Reached XP level 2. HP: 20/20 MP: 1/7
   513 | D:1      | Learned a level 2 spell: Static Discharge
  1391 | D:1      | Reached XP level 3. HP: 26/26 MP: 0/8
  1768 | D:1      | Reached skill level 4 in Air Magic
  3478 | D:2      | Got the Incunabulum of the Burning Glacier
  4165 | D:3      | Reached XP level 4. HP: 33/33 MP: 5/9
  4363 | D:3      | Learned a level 3 spell: Swiftness
  4394 | D:3      | Identified the +5 spear of the Volcano {freeze, rF++}
  4638 | D:3      | Reached skill level 5 in Air Magic
  5173 | D:3      | Identified the ring of the Devil {rElec rPois rN+}
  5486 | D:4      | Reached XP level 5. HP: 35/38 MP: 4/11
  6190 | D:4      | Identified the +1 leather armour "Cekheigh" {rElec Stlth+}
  7573 | D:4      | Noticed a centaur
  7583 | D:4      | Killed a centaur
  7584 | D:4      | Reached skill level 1 in Armour
  7584 | D:4      | Reached skill level 6 in Air Magic
  7584 | D:4      | Reached XP level 6. HP: 12/45 MP: 1/13
  8034 | D:4      | Learned a level 4 spell: Airstrike
  8557 | D:5      | Entered Level 5 of the Dungeon
  8690 | D:5      | Found Vorole's One-of-a-Kind Rings.
  9129 | D:5      | Reached XP level 7. HP: 35/50 MP: 7/14
  9942 | D:6      | Reached skill level 7 in Air Magic
 10407 | D:6      | Reached skill level 1 in Conjurations
 10625 | D:6      | Noticed a shadow
 10660 | D:5      | Slain by an orc warrior

Illustrated notes

Levels and vault maps discovered:
D:1:      dpeg_arrival_tiny_g, layout_basic
D:2:      layout_basic, shapermc_ecumenical_altar_ellora, minmay_ruptured
D:3:      kennysheep_big_flooded_room, layout_rooms, minmay_cupped
D:4:      layout_basic, minmay_diced_spiral
D:5:      layout_rooms, nicolae_shop_unique_rings, feat_on_display
D:6:      layout_basic

Skill      XL: |  1  2  3  4  5  6  7 |
---------------+----------------------+-----
Air Magic      | 3 4 5 6 7 |  7.6
Spellcasting   | 2 3 |  3.1
Armour         | 1 2 3 |  3.3
Conjurations   | 1 |  1.1
Fighting       | |  0.4
Dodging        | |  1.9
Stealth        | |  1.7

Action                   |  1- 3 |  4- 6 |  7- 9 || total
-------------------------+-------+-------+-------++-------
Melee: Dagger            |    10 |       |       ||    10
       Spear             |       |    15 |     7 ||    22
 Cast: Shock             |   124 |   122 |    25 ||   271
       Static Discharge  |     2 |    18 |     4 ||    24
       Airstrike         |       |       |     9 ||     9
       Swiftness         |       |       |     1 ||     1
  Use: Scroll            |     4 |     6 |       ||    10
 Stab: Sleeping          |       |       |     1 ||     1
Armor: Robe              |     4 |       |       ||     4
       Leather armour    |       |     6 |    14 ||    20
Dodge: Dodged            |    19 |    17 |    17 ||    53
